 Dungeon Crawl Stone Soup version 0.17-a0-1719-g1afd5a1 (webtiles) character file.

40 Oddball22 the Digger (level 3, 0/19 HPs)
             Began as a Gargoyle Earth Elementalist on Aug 27, 2015.
             Slain by a jackal (2 damage)
             ... on level 1 of the Dungeon.
             The game lasted 00:03:37 (1257 turns).

Oddball22 the Digger (Gargoyle Earth Elementalist)  Turns: 1257, Time: 00:03:37

Health: 0/19       AC:  5    Str: 12    XL:     3   Next: 50%
Magic:  0/7        EV: 14    Int: 15    God:
Gold:   83         SH:  0    Dex: 10    Spells: 3 memorised, 1 level left

rFire  . . .     SeeInvis .     e - +0 whip
rCold  . . .     Clarity  .     b - +0 robe
rNeg   + . .     SustAt   +     (no shield)
rPois  ∞         Gourm    .     (no helmet)
rElec  +         Spirit   .     (no cloak)
rCorr  .         Warding  .     (no gloves)
rMut   .         Stasis   .     (no boots)
MR     .....                    (no amulet)
Stlth  ++........               o - +2 ring of evasion
                                h - ring of sustain attributes

@: not resistant to hostile enchantments, unstealthy
A: negative energy resistance 1, electricity resistance, unbreathing,
petrification resistance, rot immunity, AC +3
a: no special abilities


You were on level 1 of the Dungeon.
You were not hungry.

You visited 1 branch of the dungeon, and saw 2 of its levels.

You collected 83 gold pieces.

Inventory:

Hand weapons
 e - a +0 whip (weapon)
Missiles
 a - 33 stones (quivered)
Armour
 b - a +0 robe (worn)
Jewellery
 h - a ring of sustain attributes (left hand)
 o - a +2 ring of evasion (right hand)
Scrolls
 i - a scroll of blinking {unknown}
 k - a scroll of identify {unknown}
 l - a scroll of noise {unknown}
 n - a scroll of enchant armour {unknown}
Potions
 g - a potion of agility {unknown}
 j - a potion of resistance {unknown}
Books
 c - a book of Geomancy

   Spells                             Type                      Level
   a - Sandblast                      Earth                        1
   b - Stoneskin                      Transmutation/Earth          2
   c - Passwall                       Transmutation/Earth          3
   d - Stone Arrow                    Conjuration/Earth            3
   e - Petrify                        Transmutation/Earth          4
   f - Lee's Rapid Deconstruction     Earth                        5
Comestibles
 d - 2 bread rations
 f - 4 chunks of flesh
 m - a meat ration


   Skills:
 - Level 1.5 Dodging
 - Level 2.1 Stealth
 + Level 2.7 Spellcasting
 - Level 0.7 Transmutations
 - Level 4.7 Earth Magic


You had one spell level left.
You knew the following spells:

 Your Spells              Type           Power        Failure   Level  Hunger
a - Sandblast             Erth           ###...       3%          1    #......
b - Stoneskin             Trmt/Erth      ##......     12%         2    ##.....
c - Passwall              Trmt/Erth      ##........   24%         3    ###....


Dungeon Overview and Level Annotations

Branches:
Dungeon (2/15)

Altars:


Innate Abilities, Weirdness & Mutations

You are resistant to torment.
Your stone body is resilient (AC +3).
You are immune to poison.
You resist negative energy.
You are resistant to electric shocks.
You can survive without breathing.
You are immune to petrification.
You are immune to rotting.


Message History

The jackal barely misses you.
You closely miss the jackal. The jackal misses you.
You hit the jackal but do no damage. The jackal closely misses you.
The jackal bites you.
* * * LOW HITPOINT WARNING * * *
You completely miss the jackal. The jackal barely misses you.
The jackal barely misses you.
Casting: Sandblast
Confirm with . or Enter, or press ? or * to list all spells.
Aiming: Sandblast
Press: ? - help, Shift-Dir - straight line, f - jackal
Aim: a jackal The blast of sand hits the jackal.
The jackal bites you.
* * * LOW HITPOINT WARNING * * *
You hit the jackal but do no damage. The jackal barely misses you.
The jackal closely misses you.
You hit the jackal.
The jackal is moderately wounded.
The jackal bites you.
You die...

..## ####...#....#
...# ##..#....#
...## #.>.....#
....# ##.##.###
....# #.##.# ....#
#.##.# ....# #.##)#
...## #.##h# ...#
##'##@##
..##########......#
.##........'......#
###.########......#
....# #......#
################.##
.................#
.....#############
.#...#


You could see a jackal.

Vanquished Creatures
  An adder (D:2)
  3 giant geckos
  2 ball pythons (D:1)
  2 goblins (D:1)
  6 hobgoblins
  2 jackals (D:1)
  2 kobolds (D:1)
  5 bats
  3 rats (D:1)
26 creatures vanquished.

Notes
Turn   | Place    | Note
--------------------------------------------------------------
     0 | D:1      | Oddball22 the Gargoyle Earth Elementalist began the quest for the Orb.
     0 | D:1      | Reached XP level 1. HP: 10/10 MP: 3/3
   125 | D:1      | Reached skill level 4 in Earth Magic
   125 | D:1      | Reached XP level 2. HP: 15/15 MP: 3/5
   132 | D:1      | Learned a level 2 spell: Stoneskin
   954 | D:2      | Reached XP level 3. HP: 6/19 MP: 0/6
  1169 | D:1      | Learned a level 3 spell: Passwall
  1257 | D:1      | Slain by a jackal

Vault maps used:
D:1:      minmay_arrival_loop
D:2:      eino_curves_02, minmay_unequal

Action                   || total
-------------------------++-------
Melee: Whip              ||    31
 Cast: Sandblast         ||    53
  Eat: Chunk             ||     2
